Map: Abyssal Reef LE

Players

Bourbond - Winner!

  • Race: Terran Terran
  • League: Master
  • Spawn Location: 11:00

zzzawoyzzz

  • Race: Terran Terran
  • League: Bronze
  • Spawn Location: 5:00

VOD

Have the link to the VOD?

Description

Time

  • Played on: Jan. 6, 2018, 3:52 a.m.
  • Length: 24:14
Show
View Real Time Build Order
Export as new Build Order

Bourbond Terran - Winner!

Build Orders: Reaper Expand, Mech 

Get SALT Encoding   

  12  0:00  SCV  
  13  0:13  SCV  
  14  0:17  Supply Depot  
  14  0:25  SCV  
  14  0:27  Refinery  
  15  0:38  SCV  
  16  0:46  Barracks  
  16  0:51  SCV  
  17  1:03  SCV  
  18  1:15  SCV  
  19  1:33  Orbital Command  
  19  1:34  Reaper  
  20  1:48  Command Center  
  20  2:03  Factory  
  20  2:09  Barracks Reactor, SCV  
  20  2:14  Refinery  
  20  2:19  Supply Depot  
  20  2:23  SCV  
  21  2:35  SCV  
  22  2:47  SCV  
  23  2:52  Starport  
  23  2:55  Hellion x2  
  27  2:59  SCV  
  27  3:03  Barracks Tech Lab  
  28  3:11  Orbital Command  
  28  3:16  SCV  
  28  3:18  Hellion  
  31  3:21  Hellion  
  33  3:28  SCV  
  34  3:38  Raven  
  34  3:40  SCV x2  
  38  3:42  Supply Depot  
  38  3:47  Cyclone  
  41  3:52  SCV  
  41  3:53  SCV  
  43  4:00  Supply Depot  
  43  4:04  SCV  
  45  4:11  Cyclone  
  45  4:14  SCV  
  45  4:17  SCV  
  48  4:18  Supply Depot  
  48  4:21  Viking  
  50  4:28  SCV  
  50  4:29  SCV  
  52  4:31  Cyclone  
  52  4:38  Supply Depot  
  55  4:41  Supply Depot, SCV  
  55  4:44  SCV  
  57  4:51  Viking  
  59  4:53  SCV  
  59  4:56  SCV  
  61  5:05  SCV  
  62  5:07  Command Center  
  62  5:09  SCV  
  63  5:15  Refinery x2  
  63  5:16  Barracks Tech Lab  
  63  5:17  SCV  
  63  5:18  Factory  
  63  5:21  SCV  
  65  5:29  SCV  
  65  5:32  Starport Reactor  
  65  5:33  SCV  
  67  5:41  SCV  
  68  5:46  Hellion x2  
  68  5:47  Factory, SCV  
  73  5:54  SCV  
  74  6:00  SCV  
  74  6:02  Armory  
  74  6:03  Engineering Bay, Armory  
  75  6:07  SCV  
  75  6:08  Hellion x2  
  80  6:11  Infernal Pre-Igniter  
  80  6:12  SCV  
  80  6:13  Hellion  
  83  6:19  SCV  
  84  6:28  Refinery  
  84  6:29  Hellion x2  
  84  6:32  Refinery, SCV  
  89  6:33  SCV  
  89  6:35  Siege Tank  
  89  6:36  Siege Tank  
  96  6:42  Orbital Command  
  96  6:50  Hellion, Barracks Tech Lab  
  96  6:52  Factory  
  98  6:54  SCV  
  98  6:55  Missile Turret, SCV  
  98  6:59  Terran Vehicle Weapons Level 1  
  100  7:01  Terran Vehicle And Ship Armor Level 1  
  100  7:06  SCV  
  100  7:07  SCV  
  94  7:12  SCV  
  94  7:15  Hellion x2  
  99  7:18  SCV  
  99  7:21  SCV  
  101  7:29  Supply Depot  
  101  7:34  Supply Depot  
  101  7:40  Barracks Reactor, Factory  
  101  7:51  Siege Tank, Hellion x2, SCV  
  109  7:53  Sensor Tower  
  109  7:54  Supply Depot  
  109  7:56  Siege Tank, SCV x2  
  114  8:03  SCV  
  114  8:05  Command Center  
  115  8:06  Supply Depot  
  115  8:08  SCV x2  
  115  8:09  Missile Turret  
  115  8:10  Supply Depot  
  116  8:15  Siege Tank  
  105  8:26  Siege Tank, Hellion x2  
  105  8:27  Hellion  
  107  8:28  Siege Tank, SCV  
  108  8:44  Supply Depot  
  106  8:55  Supply Depot  
  106  9:06  Siege Tank, Hellion  
  106  9:07  Siege Tank x2, Hellion  
  94  9:21  SCV x2  
  96  9:27  Hellion  
  96  9:29  Hellion  
  88  9:39  Siege Tank x2  
  84  9:49  Hellion, SCV x3  
  88  9:58  Command Center  
  88  10:01  Supply Depot  
  88  10:02  Supply Depot  
  88  10:04  Supply Depot  
  88  10:05  Terran Vehicle Weapons Level 2, Terran Vehicle And Ship Armor Level 2  
  88  10:08  Factory Tech Lab  
  88  10:11  Factory  
  88  10:14  Supply Depot  
  88  10:17  Barracks Reactor  
  88  10:20  SCV  
  85  10:22  Viking  
  85  10:23  Siege Tank x2, Hellion x2  
  96  10:35  Siege Tank  
  93  10:44  Supply Depot  
  93  10:45  Hellion x2, SCV x2, Missile Turret  
  93  10:46  Supply Depot  
  99  10:55  Siege Tank x2  
  99  10:56  Smart Servos  
  104  10:59  Starport Reactor  
  96  11:06  Hellion x2  
  96  11:07  Siege Tank, SCV x2  
  96  11:10  Refinery  
  105  11:13  Hellion x2  
  105  11:17  Supply Depot  
  109  11:19  Supply Depot x2  
  109  11:21  Supply Depot  
  109  11:22  SCV x2, Missile Turret  
  111  11:27  Siege Tank  
  111  11:28  Hellion  
  116  11:35  Missile Turret  
  116  11:44  Command Center  
  116  11:47  Sensor Tower  
  116  11:49  Supply Depot  
  116  11:50  Missile Turret  
  116  11:51  Missile Turret  
  116  11:53  Sensor Tower, SCV x2  
  118  11:56  Siege Tank x2  
  118  11:57  Hellion x3  
  130  12:02  SCV  
  130  12:05  SCV x2  
  130  12:07  Supply Depot  
  133  12:12  Missile Turret  
  133  12:14  SCV  
  134  12:25  Hellion x3  
  134  12:28  Siege Tank  
  146  12:33  Hellion  
  146  12:35  Viking  
  147  12:37  Viking  
  147  12:43  Starport  
  138  13:05  Viking  
  140  13:07  Terran Vehicle Weapons Level 3, Viking  
  142  13:13  Command Center  
  142  13:24  Viking  
  144  13:33  Siege Tank x2  
  150  13:35  Viking  
  150  13:42  Viking  
  150  13:44  Terran Vehicle And Ship Armor Level 3  
  152  14:04  Building Armor  
  152  14:07  Siege Tank  
  149  14:24  Thor x2, Viking  
  155  14:25  Starport Reactor, Viking  
  155  14:29  Fusion Core  
  165  14:32  Starport  
  165  14:33  Missile Turret  
  165  14:43  Missile Turret  
  162  14:54  Viking  
  162  14:55  Hellion x5  
  164  15:12  Liberator  
  164  15:17  Liberator x3  
  164  15:20  Planetary Fortress  
  164  15:25  Refinery  
  166  15:53  Refinery  
  166  15:55  Liberator  
  158  16:07  Thor x3  
  176  16:14  Missile Turret  
  179  16:21  Missile Turret  
  179  16:22  Supply Depot  
  179  16:48  SCV x2  
  179  16:49  SCV  
  179  16:50  Siege Tank x2  
  179  16:51  Missile Turret  
  179  16:52  Planetary Fortress  
  186  16:56  Viking  
  186  16:57  Starport Tech Lab  
  182  17:09  Sensor Tower  
  182  17:19  Refinery  
  182  17:20  Missile Turret x2  
  182  17:22  Missile Turret  
  182  17:25  SCV x2  
  182  17:27  Missile Turret  
  182  17:40  Refinery  
  174  17:54  Viking x2  
  174  17:55  Viking x2  
  174  17:56  Weapon Refit  
  174  17:57  Terran Ship Weapons Level 1  
  183  17:58  SCV  
  183  18:11  Hi-Sec Auto Tracking  
  183  18:16  Missile Turret  
  183  18:19  Hellion x3  
  189  18:37  Viking x2  
  189  18:38  Viking  
  195  18:41  Missile Turret  
  195  18:42  Command Center  
  195  18:43  Missile Turret  
  159  18:48  SCV, Viking  
  192  18:49  SCV  
  193  19:05  Refinery x2  
  193  19:08  Missile Turret x2  
  192  19:11  Missile Turret  
  192  19:21  Supply Depot  
  192  19:22  Supply Depot  
  192  19:25  Starport  
  192  19:28  Missile Turret  
  192  19:33  Battlecruiser  
  162  19:49  Viking x2  
  165  19:59  Planetary Fortress  
  165  20:11  Sensor Tower  
  165  20:13  SCV x2  
  168  20:14  SCV  
  168  20:15  Terran Ship Weapons Level 2  
  152  20:37  Battlecruiser  
  158  20:45  Thor x3  
  176  20:53  Viking x2  
  149  21:07  Viking x2  
  138  21:26  Viking x2  
  130  21:34  SCV x2  
  130  21:37  Viking  
  116  21:51  Thor x3, Command Center  
  116  21:52  Viking x2  
  135  21:55  Refinery  
  135  21:56  Refinery, SCV  
  135  21:59  Command Center, SCV  
  137  22:16  Widow Mine x4, Drilling Claws  
  137  22:22  Viking x2  
  149  22:23  Viking x2  
  149  22:26  Battlecruiser  
  156  22:43  Command Center  
  156  22:48  Thor  
  156  22:49  Thor  
  156  22:50  Widow Mine x3  
  149  22:57  Thor  
  155  23:00  SCV  
  155  23:08  Missile Turret  
  155  23:10  Missile Turret  
  155  23:14  Missile Turret, Viking x2  
  155  23:17  Planetary Fortress  
  158  23:39  Viking  
  166  23:43  Missile Turret  
  166  23:44  Missile Turret  
  166  23:45  Missile Turret  
Show
View Real Time Build Order
Export as new Build Order

zzzawoyzzz Terran 

Build Orders: Reaper Expand, MMM Bio 

Get SALT Encoding   

  12  0:00  SCV  
  13  0:13  SCV  
  14  0:18  Supply Depot  
  14  0:25  SCV  
  15  0:29  Refinery  
  15  0:39  SCV  
  16  0:46  Barracks  
  16  0:52  SCV  
  17  1:04  SCV  
  18  1:16  SCV  
  19  1:32  Orbital Command  
  19  1:34  Reaper  
  20  1:45  Command Center  
  19  2:04  SCV  
  19  2:07  Factory  
  20  2:09  Barracks Reactor  
  20  2:18  Refinery, SCV  
  20  2:20  Supply Depot  
  21  2:30  SCV  
  22  2:45  SCV  
  22  2:47  Marine x2  
  25  2:53  Hellion  
  25  2:55  Starport  
  25  2:57  SCV  
  28  3:05  Orbital Command  
  28  3:12  Marine x2  
  28  3:13  SCV  
  31  3:21  Factory Tech Lab  
  31  3:25  SCV  
  32  3:30  Marine x2  
  32  3:32  Medivac  
  36  3:34  SCV  
  36  3:38  SCV  
  36  3:39  Supply Depot  
  38  3:44  Siege Tank  
  41  3:52  Marine x2  
  41  3:54  SCV x2  
  45  3:58  Engineering Bay  
  45  4:08  Starport Reactor  
  45  4:09  SCV x2  
  47  4:13  Marine x2  
  47  4:15  Supply Depot  
  49  4:23  SCV x2  
  50  4:26  Terran Infantry Weapons Level 1  
  50  4:36  SCV  
  50  4:37  SCV  
  52  4:39  Command Center  
  52  4:41  Supply Depot  
  52  4:42  Marine  
  52  4:43  Marine  
  54  4:48  SCV  
  54  4:50  Siege Tank  
  54  4:52  SCV  
  59  5:00  SCV  
  59  5:04  SCV  
  61  5:07  Barracks  
  61  5:08  Marine x2  
  61  5:09  Barracks  
  61  5:13  SCV  
  64  5:16  Refinery, SCV  
  64  5:19  Refinery  
  65  5:25  Supply Depot  
  65  5:26  Marine  
  65  5:27  Supply Depot, SCV  
  67  5:28  SCV  
  66  5:41  SCV  
  67  5:48  Siege Tank  
  67  5:49  Medivac  
  72  5:50  Medivac, Marine x2  
  72  5:52  Orbital Command  
  72  5:54  Barracks  
  76  5:58  Barracks Tech Lab  
  76  6:02  SCV x2  
  76  6:03  Barracks Tech Lab  
  78  6:05  Supply Depot  
  78  6:10  Marine x2  
  80  6:15  Orbital Command  
  80  6:20  Terran Infantry Armor Level 1, SCV  
  80  6:22  Stimpack, Marine x2  
  80  6:23  Combat Shields  
  83  6:31  Marine x2  
  83  6:32  Siege Tank  
  88  6:35  Medivac x2  
  88  6:39  Supply Depot  
  92  6:41  Marauder  
  92  6:43  SCV x2  
  96  6:50  Barracks Reactor  
  96  6:53  Marine x2, Marauder  
  100  6:58  SCV x3  
  103  7:01  Supply Depot  
  103  7:02  Marauder  
  103  7:06  Armory  
  105  7:10  SCV x3  
  105  7:11  Marine  
  109  7:20  Marine, Marauder  
  109  7:22  SCV x2  
  114  7:23  Marauder  
  114  7:26  Supply Depot  
  114  7:28  Marine  
  114  7:29  Engineering Bay, Marine  
  118  7:33  SCV  
  118  7:34  SCV  
  120  7:38  Supply Depot, Marine  
  120  7:39  Supply Depot  
  120  7:40  Siege Tank  
  120  7:41  SCV  
  125  7:47  Supply Depot  
  125  7:48  Marauder, SCV x2  
  129  7:54  Terran Vehicle Weapons Level 1  
  129  7:55  Barracks  
  129  7:56  Barracks  
  129  7:59  Concussive Shells  
  129  8:01  Marine x2, Marauder  
  133  8:09  Marauder  
  127  8:24  Marauder  
  127  8:25  Marine x4  
  127  8:26  Siege Tank  
  134  8:27  SCV x2  
  134  8:30  Refinery  
  134  8:31  Marauder  
  129  8:42  Marine x2  
  129  8:46  Marauder  
  130  8:52  Marauder  
  132  9:07  Marauder  
  124  9:11  Marine x6  
  124  9:13  Marauder, SCV x2  
  124  9:14  SCV  
  133  9:29  Marine x5, Marauder  
  140  9:33  SCV x3  
  140  9:35  Command Center, Marauder  
  143  9:45  SCV  
  134  9:50  Marauder  
  132  9:56  Marauder  
  131  10:03  Marine x2  
  131  10:04  Barracks Tech Lab  
  131  10:05  Terran Infantry Weapons Level 2  
  131  10:06  Terran Vehicle Weapons Level 2, Terran Infantry Armor Level 2  
  131  10:07  SCV  
  131  10:08  SCV x2  
  131  10:09  Barracks Tech Lab  
  131  10:11  Marauder  
  131  10:13  Supply Depot  
  136  10:17  Supply Depot  
  136  10:18  Marauder  
  136  10:20  SCV x2  
  131  10:33  Marauder  
  129  10:39  Marauder  
  123  10:47  Marine x4, Marauder x2  
  123  10:48  Siege Tank  
  123  10:49  Medivac x2  
  138  10:53  SCV x2  
  138  10:54  Marauder  
  142  11:00  Marauder  
  142  11:04  Refinery  
  137  11:05  Marine x4  
  137  11:08  Marauder x2  
  145  11:15  Planetary Fortress  
  145  11:16  Marauder  
  147  11:19  Medivac x2  
  147  11:20  Supply Depot  
  147  11:21  Marine  
  147  11:22  Supply Depot  
  147  11:23  Supply Depot, Marine  
  147  11:24  Supply Depot  
  153  11:26  Supply Depot  
  153  11:32  Marine x3, Marauder x2  
  160  11:37  Marauder  
  164  11:40  Marine, Marauder  
  165  11:50  Marine x3  
  165  11:53  Command Center, Marine, Marauder, Refinery  
  171  11:57  Refinery  
  171  11:58  Marine  
  171  12:03  Marauder  
  171  12:04  Marine  
  174  12:11  Marauder  
  174  12:15  Marauder  
  178  12:16  Marauder  
  157  12:28  Siege Tank  
  160  12:39  Terran Infantry Armor Level 3, Terran Infantry Weapons Level 3  
  160  12:40  Terran Vehicle Weapons Level 3  
  160  12:41  Liberator x2  
  160  12:57  Marauder x4  
  165  12:59  Marine x4  
  165  13:02  Starport  
  165  13:03  Starport  
  165  13:05  Starport, Fusion Core  
  175  13:12  SCV x3  
  166  13:44  Starport Reactor x2  
  166  13:49  Reaper, Marine x3, Marauder x4  
  178  13:57  Starport  
  178  13:58  Starport  
  178  13:59  Starport Reactor  
  178  14:07  Marine x3  
  181  14:10  Marine, Marauder x2  
  181  14:11  Marauder  
  185  14:20  Marine  
  185  14:23  Viking  
  185  14:24  Viking x5  
  190  14:27  Siege Tank  
  197  14:47  Viking x2  
  193  14:53  Viking x2  
  193  14:54  Viking  
  193  14:58  Orbital Command  
  197  15:07  Refinery  
  197  15:08  Refinery  
  197  15:09  Sensor Tower  
  197  15:28  Viking  
  199  15:30  Terran Ship Weapons Level 1  
  198  16:00  Viking x6  
  198  16:01  Viking  
  185  16:05  Starport Tech Lab x2  
  187  16:25  Battlecruiser x2  
  187  16:28  Weapon Refit  
  187  16:29  Advanced Ballistics  
  176  16:45  Viking  
  176  16:46  Viking x7  
  192  17:03  Marauder x4  
  194  18:11  Battlecruiser  
  195  18:44  Liberator x2  
  192  19:38  Liberator x8  
  106  19:54  Battlecruiser x2  
  106  19:58  Marauder x2  
  106  19:59  Marauder x2  
  150  20:01  Siege Tank  
  153  20:12  Marine  
  153  20:13  Marine x3  
  157  20:16  Terran Ship Weapons Level 2  
  157  20:20  Marauder x4, Liberator  
  157  20:21  Liberator x5  
  160  20:30  Marine x2  
  155  20:38  Viking x2  
  155  20:41  Marauder x3, Liberator x2  
  162  20:51  Liberator  
  100  21:10  Liberator  
  99  21:15  Marauder x3  
  99  21:16  Marauder  
  94  21:37  Marauder x2  
  96  21:40  Viking x2  
  96  21:42  Marine x6  
  103  21:47  Orbital Command  
  103  21:57  Marine  
  103  21:58  Marine  
  103  22:00  Marine x6  
  111  22:10  Battlecruiser  
  117  22:15  Marine x2  
  117  22:18  Marine x6, Orbital Command  
  125  22:32  Refinery  
  125  22:33  Marine x2, Refinery  
  125  22:35  Marine  
  125  22:36  Medivac x2, Marine  
  133  22:37  Refinery x2, Viking  
  96  23:12  SCV x4  
  100  23:24  SCV x2  
  102  23:33  Viking x6  
  102  23:34  Viking x4  
  115  23:36  Marine x4  
  115  23:37  Marine x4  
  127  23:54  Marine x4  
Tags
 
Add a new tag
Caveats
  • Supply blocks, unpowered buildings, or Contaminate may cause inaccurate times.
  • Supply counts are checked every 10 seconds.